 Dungeon Crawl Stone Soup version 0.21.1-1-g345015fe64 (webtiles) character file.

450 Kholdaimon the Chopper (level 6, 0/53 HPs)
             Began as a Minotaur Fighter on June 15, 2018.
             Was an Initiate of Okawaru.
             Succumbed to raetorn's ghost's poison
             ... on level 4 of the Dungeon.
             The game lasted 00:29:32 (3729 turns).

Kholdaimon the Chopper (Minotaur Fighter)           Turns: 3729, Time: 00:29:33

Health: 0/53       AC: 12    Str: 22    XL:     6   Next: 74%
Magic:  14/14      EV:  4    Int:  5    God:    Okawaru [......]
Gold:   116        SH: 10    Dex: 10    Spells: 5/5 levels left

rFire    . . .     SeeInvis .   a - +0 war axe
rCold    . . .     Gourm    .   c - +0 shield
rNeg     . . .     Faith    .   n - +0 plate armour
rPois    .         Spirit   .   (helmet restricted)
rElec    .         Reflect  .   (no cloak)
rCorr    .         Harm     .   (no gloves)
MR       .....                  (no boots)
Stlth    ..........             j - amulet of rage
HPRegen  0.17/turn              t - ring of magical power
MPRegen  0.14/turn              (no ring)

@: lethally poisoned (0 -> -37)
A: retaliatory headbutt, horns 2
a: Renounce Religion, Evoke Berserk Rage


You were on level 4 of the Dungeon.
You worshipped Okawaru.
Okawaru was noncommittal.
You were hungry.

You visited 2 branches of the dungeon, and saw 5 of its levels.

You collected 116 gold pieces.

Inventory:

Hand Weapons
 a - a +0 war axe (weapon)
 q - a +1 flail of holy wrath
Missiles
 k - 7 curare-tipped needles
 r - 17 poisoned needles
Armour
 c - a +0 shield (worn)
 n - a +0 plate armour (worn)
Jewellery
 j - an amulet of rage (around neck)
 t - a ring of magical power (left hand)
Wands
 s - a wand of acid (10)
Scrolls
 b - 3 scrolls of remove curse
 h - a scroll of magic mapping {unknown}
 p - a scroll of immolation {unknown}
 v - a scroll of enchant armour {unknown}
Potions
 d - 2 potions of might
 e - a potion of flight {unknown}
 g - 2 potions of agility
 i - 2 potions of invisibility
 l - a potion of curing
 m - 2 potions of degeneration {unknown}
 o - a potion of haste
Comestibles
 f - 8 rations
 u - a chunk of flesh


   Skills:
 + Level 4.7 Fighting
 * Level 6.8 Axes
 - Level 0.6(4.2) Maces & Flails
 + Level 4.6 Armour
 - Level 0.3 Dodging
 + Level 4.8 Shields


You had 5 spell levels left.
You didn't know any spells.

Dungeon Overview and Level Annotations

Branches:
Dungeon (4/15)             Temple (1/1) D:4

Altars:
Ashenzari
Dithmenos
Gozag
Okawaru
Ru
Sif Muna
Xom
Yredelemnul
Zin
The Shining One

Shops:
D:4 %

Annotations:
D:4 raetorn's ghost, novice GnSk


Innate Abilities, Weirdness & Mutations

You reflexively headbutt those who attack you in melee.
You have a pair of horns on your head.


Message History

Raetorn's ghost is moderately damaged.
* * * LOW HITPOINT WARNING * * *
You feel sick.
Raetorn's ghost hits you but does no damage.
You are more poisoned.
You block raetorn's ghost's attack.
Raetorn's ghost's shroud bends your attack away.
* * * LOW HITPOINT WARNING * * *
You feel very sick.
Raetorn's ghost gestures wildly while chanting.
Raetorn's ghost's wounds begin to heal before your eyes!
You closely miss raetorn's ghost. You headbutt raetorn's ghost!
Raetorn's ghost is heavily damaged.
* * * LOW HITPOINT WARNING * * *
You feel very sick. Raetorn's ghost hits you.
* * * LOW HITPOINT WARNING * * *
You are more poisoned.
Raetorn's ghost's shroud bends your attack away!
You die...

.............. ...#
.######......# l...
#......# ..... #......#
.....## #......# .......
#......# (....$. #......#
####...#################.
...'..lW@..............'.
..##...####....#########.
#... #[.....# #. ####
#......# #. #......# #.
###....# #. #....# #.
#....# . #....####


You could see raetorn's ghost and a frilled lizard.

Vanquished Creatures
  A phantom (D:4)
  A crimson imp (D:2)
  An orc priest (D:4)
  2 orc wizards (D:4)
  Terence (D:3)
  3 worker ants (D:4)
  5 adders
  A worm (D:2)
  3 dart slugs
  9 orcs
  3 giant cockroaches
  7 goblins
  9 hobgoblins
  6 jackals (D:3)
  A quokka (D:2)
  7 ball pythons
  7 bats
  6 frilled lizards
  9 kobolds
  10 rats
92 creatures vanquished.

Notes
Turn   | Place    | Note
-------+----------+-------------------------------------------
     0 | D:1      | Kholdaimon the Minotaur Fighter began the quest for the Orb.
     0 | D:1      | Reached XP level 1. HP: 19/19 MP: 0/0
   178 | D:1      | Reached XP level 2. HP: 27/27 MP: 1/1
   359 | D:1      | Reached skill level 3 in Axes
   554 | D:1      | Reached XP level 3. HP: 33/33 MP: 2/2
  1319 | D:2      | Reached skill level 4 in Axes
  1319 | D:2      | Reached XP level 4. HP: 38/40 MP: 3/3
  1914 | D:3      | Noticed Terence
  1921 | D:3      | Killed Terence
  1921 | D:3      | Reached XP level 5. HP: 47/47 MP: 4/4
  2251 | D:3      | Found a basalt altar of Yredelemnul.
  2839 | D:4      | Noticed a phantom
  2855 | D:4      | Killed a phantom
  2855 | D:4      | Reached skill level 5 in Axes
  2855 | D:4      | Reached XP level 6. HP: 49/53 MP: 5/5
  2921 | D:4      | Reached skill level 6 in Axes
  3083 | D:4      | Found a staircase to the Ecumenical Temple.
  3090 | Temple   | Entered the Ecumenical Temple
  3268 | Temple   | Became a worshipper of Warmaster Okawaru
  3515 | D:4      | Found Utti's Food Shoppe.
  3691 | D:4      | Noticed raetorn's ghost (novice GnSk)
  3729 | D:4      | Succumbed to raetorn's ghost's poison

Skill      XL: |  1  2  3  4  5  6 |
---------------+-------------------+-----
Fighting       | 4 |  4.7
Axes           | 3 4 5 6 |  6.8
Armour         | 4 |  4.6
Shields        | 4 |  4.8
Maces & Flails | |  0.6
Dodging        | |  0.3

Action                   |  1- 3 |  4- 6 || total
-------------------------+-------+-------++-------
Melee: War axe           |   138 |   176 ||   314
       Headbutt          |    13 |    28 ||    41
       Flail             |       |     8 ||     8
  Use: Scroll            |       |     6 ||     6
       Potion            |       |     3 ||     3
  Eat: Chunk             |     1 |     8 ||     9
Armor: Scale mail        |     6 |       ||     6
       Chain mail        |    54 |       ||    54
       Plate armour      |    35 |   130 ||   165
Dodge: Dodged            |    36 |    33 ||    69
Block: Shield            |    74 |    88 ||   162
